 Dungeon Crawl Stone Soup version 0.23.2 (webtiles) character file.

Game seed: 8838822561791797808

49 JaketheDog the Skirmisher (level 3, -2/34 HPs)
             Began as a Minotaur Berserker on Apr 30, 2019.
             Was a Believer of Trog.
             Slain by a white imp (4 damage)
             ... summoned by Natasha
             ... on level 2 of the Dungeon.
             The game lasted 00:03:52 (884 turns).

JaketheDog the Skirmisher (Minotaur Berserker)       Turns: 884, Time: 00:03:53

Health: -2/34      AC:  2    Str: 22    XL:     3   Next: 51%
Magic:  2/2        EV: 12    Int:  4    God:    Trog [**....]
Gold:   53         SH:  0    Dex:  9    Spells: 2/2 levels left

rFire    . . .     SeeInvis .   i - -2 whip (curse)
rCold    . . .     Gourm    .   (no shield)
rNeg     . . .     Faith    .   b - +0 animal skin
rPois    .         Spirit   .   (helmet restricted)
rElec    .         Reflect  .   (no cloak)
rCorr    .         Harm     .   (no gloves)
MR       .....                  (no boots)
Stlth    +.........             (no amulet)
HPRegen  0.11/turn              (no ring)
MPRegen  0.08/turn              (no ring)

@: lethally poisoned (-2 -> -4)
A: retaliatory headbutt, horns 2
a: Berserk, Trog's Hand, Renounce Religion


You were on level 2 of the Dungeon.
You worshipped Trog.
Trog was pleased with you.
You were not hungry.

You visited 1 branch of the dungeon, and saw 2 of its levels.

You collected 53 gold pieces.

Inventory:

Hand Weapons
 a - a +0 falchion
 i - a cursed -2 whip (weapon)
Armour
 b - a +0 animal skin (worn)
Jewellery
 j - a cursed ring of attention {unknown}
Scrolls
 f - 3 scrolls of identify {unknown}
 h - a scroll of remove curse {unknown}
 l - a scroll of fear {unknown}
Potions
 d - a potion of resistance {unknown}
 e - a potion of agility {unknown}
 g - 2 potions of invisibility {unknown}
 k - a potion of might {unknown}
Comestibles
 c - 3 rations


   Skills:
 + Level 4.6 Fighting
 + Level 4.1 Long Blades
 + Level 2.6 Armour
 + Level 2.6 Dodging
 + Level 0.2 Stealth


You had 2 spell levels left.
You didn't know any spells.
Your spell library was empty.

Dungeon Overview and Level Annotations

Branches:
Dungeon (2/15)

Altars:
Fedhas

Annotations:
D:2 Natasha


Innate Abilities, Weirdness & Mutations

You reflexively headbutt those who attack you in melee.
You have a pair of horns on your head.


Message History

The hobgoblin is almost dead.
You feel sick. The adder closely misses you. You furiously retaliate!
You headbutt the adder. The goblin barely misses you. You furiously retaliate!
You headbutt the goblin. The hobgoblin barely misses you.
The white imp gestures at you. The puff of frost hits you.
* * * LOW HITPOINT WARNING * * *
You closely miss the hobgoblin.
The hobgoblin is almost dead.
The adder barely misses you. The goblin hits you with a +0 club.
* * * LOW HITPOINT WARNING * * *
The hobgoblin hits you but does no damage.
The adder misses you.
Unknown command.
You closely miss the hobgoblin.
The hobgoblin is almost dead.
The white imp hits you.
* * * LOW HITPOINT WARNING * * *
The white imp freezes you.
You die... .. #.# ..
P #?# .# P_ ... ..
PPP

## #.# .##..P #..
#.# ..... #..>
##.##.#.####
#....#5g.<.....g.
#....g@Srw....#..
####.#.#h........
#...#.###.....
#.###.# ..#r. #.
... .# # . ... #
.. ##... .. ....


You could see a worm, Natasha, an adder, a white imp, a hobgoblin, a goblin and
a rat.

Vanquished Creatures
  An adder (D:2)
  3 dart slugs
  A leopard gecko (D:2)
  3 bats (D:1)
  2 giant cockroaches (D:1)
  5 goblins (D:1)
  2 hobgoblins (D:1)
  2 jackals (D:1)
  A ball python (D:1)
  4 frilled lizards (D:1)
  3 kobolds (D:1)
  6 rats (D:1)
33 creatures vanquished.

Notes
Turn   | Place    | Note
-------+----------+-------------------------------------------
     0 | D:1      | JaketheDog the Minotaur Berserker began the quest for the
                  | Orb.
     0 | D:1      | Reached XP level 1. HP: 19/19 MP: 0/0
   124 | D:1      | Reached XP level 2. HP: 27/27 MP: 1/1
   304 | D:1      | Reached ** piety under Trog
   440 | D:1      | Reached XP level 3. HP: 33/33 MP: 2/2
   870 | D:2      | Found a blossoming altar of Fedhas.
   875 | D:2      | Noticed Natasha
   884 | D:2      | Slain by a white imp

Skill      XL: |  1  2 |
---------------+-------+-----
Fighting       | 4 |  4.6
Long Blades    | 4 |  4.1
Armour         | |  2.6
Dodging        | |  2.6
Stealth        | |  0.2

Action                   || total
-------------------------++-------
Melee: Falchion          ||    17
       Whip              ||    39
       Headbutt          ||    12
 Stab: Sleeping          ||     1
Armor: Animal skin       ||    11
Dodge: Dodged            ||    51
       Rpst.: Falchion   ||     2
